cohdb
Replays
Latest Replays
All Replays
Popular Replays
Top Player Replays
Match Explorer
How It Works
Community
CoH3 Stats
Reddit
Sign in to upload your games and track your stats! →
Sign in with Steam
Match 42501776
Unlisted
Match 42501776
Overview
Messages
Build Orders
End
Construct Infanterie Kompanie
Selects Italian Coastal Battlegroup
Selects Coastal Reserves
Coastal Reserve
MG 42 Machine Gun Team
Coastal Reserve
Construct Panzergrenadier Kompanie
251 Medium Carrier
Selects Artillery Officer
Artillery Officer
Selects Designate Defensive Line
Medical Bunker
Construct Panzer Kompanie
Stoßtruppen Squad
Stoßtruppen Squad
Designate Defensive Line
Pak 40 Anti-tank Gun Team
Panzer IV Medium Tank
Panzer Officer Quarters
Side Skirts
Selects Obice da 210/22 Artillery Emplacement
Panzer IV Medium Tank
Pioneer Squad
Panzer IV Medium Tank
Selects Designated Artillery Overwatch
Selects Bulwark
homig
kerem
APACHE
Hanzz
ZGChan
Guest0609
Kapitan Kastet
goots
0
0
Comments
sign in to comment!
No comments posted yet!